| TOP OF THE 1ST |
|
Dunedin Blue Jays batting - Pitching for Lakeland Pilots : LHP Danny Jackson
|
|
Pitching: LHP Danny Jackson
|
|
|
Batting: SHB Albert Hall
|
0-0: Ball 1-0: Ball 2-0: Swinging Strike 2-1: Bunt missed! 2-2: Ball 3-2: SINGLE (Groundball, 56D, EV 110.6 MPH)
|
|
Batting: LHB Milt Thompson
|
0-0: Called Strike 0-1: Called Strike 0-2: Ball 1-2: Fly out, F9 (Flyball, 9S, EV 79.4 MPH)
|
|
Batting: RHB David Hall
|
0-0: Ball 1-0: Ball Albert Hall is caught stealing 2nd base 2-4 2-0: Ground out U3 (Groundball, 34, EV 83.8 MPH)
|
| Top of the 1st over - 0 runs, 1 hit, 0 errors, 0 left on base; Dunedin 0 - Lakeland 0 |
| BOTTOM OF THE 1ST |
|
Lakeland Pilots batting - Pitching for Dunedin Blue Jays : RHP Charlie Kerfeld
|
|
Pitching: RHP Charlie Kerfeld
|
|
|
Batting: RHB Nick Capra
|
0-0: Ball 1-0: Ball 2-0: Foul Ball, location: 2F 2-1: Ball 3-1: Called Strike 3-2: SINGLE (Groundball, 4MD, EV 96.3 MPH)
|
|
Batting: RHB Dave C Anderson
|
0-0: Called Strike Nick Capra steals 2nd base 0-1: Ball 1-1: Called Strike 1-2: Ground out 6-3 (Groundball, 6, EV 91.9 MPH) Nick Capra to third
|
|
Batting: SHB Mike D Young
|
0-0: Ball 1-0: Foul Ball, location: 2F 1-1: Ball 2-1: Ground out 6-3 (Groundball, 6, EV 102.5 MPH) Nick Capra scores
|
|
Batting: LHB Mike Laga
|
0-0: Ball 1-0: Called Strike 1-1: Ball 2-1: Foul Ball, location: 2F 2-2: Strikes out swinging
|
| Bottom of the 1st over - 1 run, 1 hit, 0 errors, 0 left on base; Dunedin 0 - Lakeland 1 |
| TOP OF THE 2ND |
|
Dunedin Blue Jays batting - Pitching for Lakeland Pilots : LHP Danny Jackson
|
|
Batting: RHB Dale Berra
|
0-0: SINGLE (Groundball, 5D, EV 101.3 MPH)
|
|
Batting: LHB Ray Cosey
|
0-0: Ball 1-0: Ball 2-0: Fielders Choice at 2nd, 4-6 (Groundball, 34, EV 88.8 MPH)
|
|
Batting: RHB Steve Curry
|
0-0: Ball 1-0: Ball 2-0: Foul Ball, location: 2F 2-1: Fly out, F8 (Flyball, 78XD, EV 103.1 MPH)
|
|
Batting: RHB Dann Bilardello
|
0-0: Called Strike 0-1: Ball 1-1: Foul Ball, location: 2F 1-2: Foul Ball, location: 2F 1-2: Ball 2-2: Fly out, F4 (Popup, 34D, EV 66.9 MPH)
|
| Top of the 2nd over - 0 runs, 1 hit, 0 errors, 1 left on base; Dunedin 0 - Lakeland 1 |
| BOTTOM OF THE 2ND |
|
Lakeland Pilots batting - Pitching for Dunedin Blue Jays : RHP Charlie Kerfeld
|
|
Batting: RHB Joseph Scherger
|
0-0: Ball 1-0: Fly out, F8 (Line Drive, 8RM, EV 91.9 MPH)
|
|
Batting: LHB Randy S Johnson
|
0-0: Ball 1-0: Ball 2-0: Swinging Strike 2-1: Ball 3-1: Foul Ball, location: 2F 3-2: Base on Balls
|
|
Batting: RHB Rusty Tillman
|
0-0: Ball 1-0: Grounds into double play, 5-4-3 (Groundball, 56, EV 86.9 MPH)
|
| Bottom of the 2nd over - 0 runs, 0 hits, 0 errors, 0 left on base; Dunedin 0 - Lakeland 1 |
| TOP OF THE 3RD |
|
Dunedin Blue Jays batting - Pitching for Lakeland Pilots : LHP Danny Jackson
|
|
Batting: RHB Scott Richartz
|
0-0: Called Strike 0-1: Ball 1-1: Called Strike 1-2: Ball 2-2: Foul Ball, location: 2F 2-2: Ball 3-2: SINGLE (Line Drive, 78M, EV 101.9 MPH)
|
|
Batting: RHB Tony Walker
|
0-0: Called Strike 0-1: Ball Wild Pitch! Scott Richartz to second 1-1: Ball 2-1: SINGLE (Groundball, 5L, EV 102.5 MPH) Scott Richartz to third Runner from 3rd tries for Home, SAFE, throw by LF to home Tony Walker to second
|
|
Batting: SHB Albert Hall
|
0-0: Ball 1-0: Called Strike Tony Walker steals 3rd base 1-1: Called Strike 1-2: Foul Ball, location: 2F 1-2: Foul Ball, location: 2F 1-2: Ball 2-2: Fly out, F9 (Flyball, 9S, EV 76.9 MPH) Runner from 3rd tags up, SCORES, throw by RF
|
|
Batting: LHB Milt Thompson
|
0-0: Called Strike 0-1: Fly out, F5 (Line Drive, 5, EV 71.9 MPH)
|
|
Batting: RHB David Hall
|
0-0: Ball 1-0: Called Strike 1-1: Foul Ball, location: 2F 1-2: Ball 2-2: Foul Ball, location: 2F 2-2: Ground out U3 (Groundball, 3L, EV 81.3 MPH)
|
| Top of the 3rd over - 2 runs, 2 hits, 0 errors, 0 left on base; Dunedin 2 - Lakeland 1 |
| BOTTOM OF THE 3RD |
|
Lakeland Pilots batting - Pitching for Dunedin Blue Jays : RHP Charlie Kerfeld
|
|
Batting: RHB Juan Espino
|
0-0: Fly out, F7 (Flyball, 7LD, EV 92.5 MPH)
|
|
Batting: RHB Alex Sanchez
|
0-0: Ball 1-0: Called Strike 1-1: Fly out, F3 (Popup, 3SF, EV 86.9 MPH)
|
|
Batting: RHB Nick Capra
|
0-0: Ball 1-0: Foul Ball, location: 2F 1-1: Foul Ball, location: 2F 1-2: Fly out, F7 (Flyball, 7S, EV 80.0 MPH)
|
| Bottom of the 3rd over - 0 runs, 0 hits, 0 errors, 0 left on base; Dunedin 2 - Lakeland 1 |
| TOP OF THE 4TH |
|
Dunedin Blue Jays batting - Pitching for Lakeland Pilots : LHP Danny Jackson
|
|
Batting: RHB Dale Berra
|
0-0: Swinging Strike 0-1: Ball 1-1: Foul Ball, location: 2F 1-2: Foul Ball, location: 2F 1-2: Reached on error, E6 (Flyball, 56D, EV 86.9 MPH)
|
|
Batting: LHB Ray Cosey
|
0-0: Ball 1-0: Called Strike 1-1: Ball 2-1: DOUBLE (Line Drive, 78M, EV 109.4 MPH) Dale Berra to third
|
|
Batting: RHB Steve Curry
|
0-0: SINGLE (Line Drive, 9LS, EV 93.1 MPH) Dale Berra scores Ray Cosey to third
|
|
Batting: RHB Dann Bilardello
|
0-0: Ball Steve Curry steals 2nd base 1-0: Fly out, F9 (Flyball, 9D, EV 98.8 MPH) Runner from 3rd tags up, SCORES, throw by RF Steve Curry to third
|
|
Batting: RHB Scott Richartz
|
0-0: Called Strike 0-1: Ball 1-1: Fly out, F9 (Flyball, 89M, EV 85.6 MPH)
|
|
Batting: RHB Tony Walker
|
0-0: Called Strike 0-1: Ball 1-1: Swinging Strike 1-2: Ball 2-2: Strikes out swinging
|
| Top of the 4th over - 2 runs, 2 hits, 1 error, 1 left on base; Dunedin 4 - Lakeland 1 |
| BOTTOM OF THE 4TH |
|
Lakeland Pilots batting - Pitching for Dunedin Blue Jays : RHP Charlie Kerfeld
|
|
Batting: RHB Dave C Anderson
|
0-0: Ball 1-0: Called Strike 1-1: Called Strike 1-2: Ground out 6-3 (Groundball, 6, EV 83.1 MPH)
|
|
Batting: SHB Mike D Young
|
0-0: Swinging Strike 0-1: Swinging Strike 0-2: Ball 1-2: Ball 2-2: Foul Ball, location: 2F 2-2: Strikes out looking
|
|
Batting: LHB Mike Laga
|
0-0: Ball 1-0: Swinging Strike 1-1: Called Strike 1-2: Foul Ball, location: 2F 1-2: Ball 2-2: Foul Ball, location: 2F 2-2: Ball 3-2: Reached on error, E4 (Groundball, 34D, EV 98.1 MPH)
|
|
Batting: RHB Joseph Scherger
|
0-0: Fielders Choice at 2nd, 6-4 (Groundball, 6, EV 81.3 MPH)
|
| Bottom of the 4th over - 0 runs, 0 hits, 1 error, 1 left on base; Dunedin 4 - Lakeland 1 |
| TOP OF THE 5TH |
|
Dunedin Blue Jays batting - Pitching for Lakeland Pilots : LHP Danny Jackson
|
|
Batting: SHB Albert Hall
|
0-0: Called Strike 0-1: Swinging Strike 0-2: Fly out, F9 (Flyball, 89D, EV 96.3 MPH)
|
|
Batting: LHB Milt Thompson
|
0-0: Ball 1-0: Ball 2-0: Foul Ball, location: 2F 2-1: Swinging Strike 2-2: DOUBLE (Line Drive, 89XD, EV 100.0 MPH)
|
|
Batting: RHB David Hall
|
0-0: Called Strike 0-1: Ball Milt Thompson steals 3rd base 1-1: Foul Ball, location: 2F 1-2: Ball 2-2: Ground out 6-3 (Groundball, 6, EV 86.9 MPH)
|
|
Batting: RHB Dale Berra
|
0-0: Ball 1-0: Called Strike 1-1: Ball 2-1: Foul Ball, location: 2F 2-2: Ground out 5-3 (Groundball, 56, EV 80.0 MPH)
|
| Top of the 5th over - 0 runs, 1 hit, 0 errors, 1 left on base; Dunedin 4 - Lakeland 1 |
| BOTTOM OF THE 5TH |
|
Lakeland Pilots batting - Pitching for Dunedin Blue Jays : RHP Charlie Kerfeld
|
|
Batting: LHB Randy S Johnson
|
0-0: Ball 1-0: Ball 2-0: Called Strike 2-1: Foul Ball, location: 2F 2-2: Ball 3-2: DOUBLE (Line Drive, 89D, EV 103.8 MPH)
|
|
Batting: RHB Rusty Tillman
|
0-0: Ball 1-0: Fly out, F8 (Flyball, 8LS, EV 88.8 MPH)
|
|
Batting: RHB Juan Espino
|
0-0: Called Strike 0-1: Ball 1-1: Called Strike 1-2: Foul Ball, location: 2F 1-2: Foul Ball, location: 2F 1-2: Fly out, F9 (Line Drive, 9, EV 93.8 MPH)
|
|
Batting: RHB Alex Sanchez
|
0-0: Ball 1-0: Ball 2-0: Ball 3-0: Called Strike 3-1: Base on Balls
|
|
Batting: RHB Nick Capra
|
0-0: Ball 1-0: Swinging Strike 1-1: Ball 2-1: Called Strike 2-2: Ground out 3-1 (Groundball, 34, EV 88.1 MPH)
|
| Bottom of the 5th over - 0 runs, 1 hit, 0 errors, 2 left on base; Dunedin 4 - Lakeland 1 |
| TOP OF THE 6TH |
|
Dunedin Blue Jays batting - Pitching for Lakeland Pilots : LHP Danny Jackson
|
|
Batting: LHB Ray Cosey
|
0-0: Foul Ball, location: 2F 0-1: Foul Ball, location: 2F 0-2: SINGLE (Line Drive, 9S, EV 110.0 MPH)
|
|
Batting: RHB Steve Curry
|
0-0: Called Strike 0-1: Called Strike 0-2: Foul Ball, location: 2F 0-2: Ball 1-2: Ball 2-2: Ball 3-2: Strikes out looking
|
|
Batting: RHB Dann Bilardello
|
0-0: Fielders Choice at 2nd, 1-6 (Groundball, 34S, EV 65.0 MPH)
|
|
Batting: RHB Scott Richartz
|
0-0: Ball 1-0: Called Strike 1-1: DOUBLE (Groundball, 5L, EV 97.5 MPH) Dann Bilardello to third Runner from 3rd tries for Home, SAFE, throw by LF to home
|
|
Pitching: RHP Tim Scott
|
|
|
Batting: RHB Tony Walker
|
0-0: Foul Ball, location: 2F 0-1: Ball 1-1: Swinging Strike 1-2: Foul Ball, location: 2F 1-2: Ball 2-2: Strikes out looking
|
| Top of the 6th over - 1 run, 2 hits, 0 errors, 1 left on base; Dunedin 5 - Lakeland 1 |
| BOTTOM OF THE 6TH |
|
Lakeland Pilots batting - Pitching for Dunedin Blue Jays : RHP Charlie Kerfeld
|
|
Batting: RHB Dave C Anderson
|
0-0: Foul Ball, location: 2F 0-1: Fly out, F8 (Flyball, 8RM, EV 88.1 MPH)
|
|
Batting: SHB Mike D Young
|
0-0: Ball 1-0: Fly out, F4 (Flyball, 4D, EV 88.8 MPH)
|
|
Batting: LHB Mike Laga
|
0-0: Called Strike 0-1: Foul Ball, location: 2F 0-2: Fly out, F8 (Flyball, 8RS, EV 81.3 MPH)
|
| Bottom of the 6th over - 0 runs, 0 hits, 0 errors, 0 left on base; Dunedin 5 - Lakeland 1 |
| TOP OF THE 7TH |
|
Dunedin Blue Jays batting - Pitching for Lakeland Pilots : RHP Tim Scott
|
|
Batting: SHB Albert Hall
|
0-0: Called Strike 0-1: Ground out 6-3 (Groundball, 6, EV 83.8 MPH)
|
|
Batting: LHB Milt Thompson
|
0-0: Called Strike 0-1: Foul Ball, location: 2F 0-2: Foul Ball, location: 2F 0-2: Strikes out looking
|
|
Batting: RHB David Hall
|
0-0: Ball 1-0: Foul Ball, location: 2F 1-1: Foul Ball, location: 2F 1-2: Ball 2-2: Ball 3-2: SINGLE (Groundball, 4MD, EV 107.5 MPH) (infield hit)
|
|
Batting: RHB Dale Berra
|
0-0: Ball 1-0: Swinging Strike 1-1: Ball 2-1: Foul Ball, location: 2F 2-2: Strikes out swinging
|
| Top of the 7th over - 0 runs, 1 hit, 0 errors, 1 left on base; Dunedin 5 - Lakeland 1 |
| BOTTOM OF THE 7TH |
|
Lakeland Pilots batting - Pitching for Dunedin Blue Jays : RHP Charlie Kerfeld
|
|
Batting: RHB Joseph Scherger
|
0-0: Called Strike 0-1: Ball 1-1: Fly out, F2 (Popup, 23F, EV 81.9 MPH)
|
|
Batting: LHB Randy S Johnson
|
0-0: Ball 1-0: Ball 2-0: Ball 3-0: Called Strike 3-1: Called Strike 3-2: Fly out, F6 (Popup, 6, EV 78.1 MPH)
|
|
Batting: RHB Rusty Tillman
|
0-0: Called Strike 0-1: Foul Ball, location: 2F 0-2: Ball 1-2: Foul Ball, location: 2F 1-2: Ball 2-2: Ground out U3 (Groundball, 34S, EV 62.5 MPH)
|
| Bottom of the 7th over - 0 runs, 0 hits, 0 errors, 0 left on base; Dunedin 5 - Lakeland 1 |
| TOP OF THE 8TH |
|
Dunedin Blue Jays batting - Pitching for Lakeland Pilots : RHP Tim Scott
|
|
Batting: LHB Ray Cosey
|
0-0: Foul Ball, location: 2F 0-1: Ball 1-1: Ground out 1-3 (Groundball, 25, EV 68.1 MPH)
|
|
Batting: RHB Steve Curry
|
0-0: Foul Ball, location: 2F 0-1: Ball 1-1: Swinging Strike 1-2: Foul Ball, location: 2F 1-2: Ball 2-2: DOUBLE (Line Drive, 5D, EV 100.6 MPH)
|
|
Pitching: RHP Don Cooper
|
|
|
Batting: RHB Dann Bilardello
|
0-0: Foul Ball, location: 2F 0-1: Foul Ball, location: 2F 0-2: Ball 1-2: Foul Ball, location: 2F 1-2: Foul Ball, location: 2F 1-2: Strikes out looking
|
|
Batting: RHB Scott Richartz
|
0-0: Ball 1-0: Fly out, F7 (Flyball, 7S, EV 89.4 MPH)
|
| Top of the 8th over - 0 runs, 1 hit, 0 errors, 1 left on base; Dunedin 5 - Lakeland 1 |
| BOTTOM OF THE 8TH |
|
Lakeland Pilots batting - Pitching for Dunedin Blue Jays : RHP Charlie Kerfeld
|
|
Batting: RHB Juan Espino
|
0-0: Ball 1-0: Called Strike 1-1: Ball 2-1: Fly out, F3 (Popup, 3, EV 70.6 MPH)
|
|
Batting: RHB Alex Sanchez
|
0-0: Ball 1-0: Called Strike 1-1: Ball 2-1: Ball 3-1: SINGLE (Groundball, 4M, EV 98.8 MPH) (infield hit)
|
|
Batting: RHB Nick Capra
|
0-0: Ball 1-0: Ball 2-0: Called Strike 2-1: Reached on error, E5 (Groundball, 56, EV 109.4 MPH) Alex Sanchez to second
|
|
Batting: RHB Dave C Anderson
|
0-0: Ball 1-0: SINGLE (Line Drive, 56D, EV 98.8 MPH) Alex Sanchez to third Nick Capra to second
|
|
Batting: SHB Mike D Young
|
0-0: Ball 1-0: Foul Ball, location: 2F 1-1: Ball 2-1: Ball 3-1: Grounds into double play, 5-4-3 (Groundball, 5, EV 75.6 MPH)
|
| Bottom of the 8th over - 0 runs, 2 hits, 1 error, 2 left on base; Dunedin 5 - Lakeland 1 |
| TOP OF THE 9TH |
|
Dunedin Blue Jays batting - Pitching for Lakeland Pilots : RHP Don Cooper
|
|
Pitching: RHP Joe Boever
|
|
|
Batting: RHB Tony Walker
|
0-0: SINGLE (Line Drive, 9S, EV 97.5 MPH)
|
|
Batting: SHB Albert Hall
|
0-0: SINGLE (Line Drive, 4D, EV 98.1 MPH) Tony Walker to second Runner from 2nd tries for 3rd, SAFE, throw by RF made to third
|
|
Batting: LHB Milt Thompson
|
0-0: Called Strike 0-1: Ball 1-1: Swinging Strike 1-2: Ball 2-2: Ball 3-2: Base on Balls Albert Hall to second
|
|
Batting: RHB David Hall
|
0-0: Ball 1-0: Foul Ball, location: 2F 1-1: Ball 2-1: DOUBLE (Flyball, 89D, EV 105.6 MPH) Tony Walker scores Albert Hall scores Milt Thompson to third
|
|
Batting: RHB Dale Berra
|
0-0: Foul Ball, location: 2F 0-1: Ball 1-1: Ball 2-1: DOUBLE (Flyball, 78D, EV 100.0 MPH) Milt Thompson scores David Hall scores
|
|
Batting: LHB Ray Cosey
|
0-0: Ball 1-0: Ground out 4-3 (Groundball, 34, EV 91.3 MPH) Dale Berra to third
|
|
Batting: RHB Steve Curry
|
0-0: Called Strike 0-1: Called Strike 0-2: Foul Ball, location: 2F 0-2: Ball 1-2: Foul Ball, location: 2F 1-2: Ball 2-2: Fly out, F6 (Flyball, 56D, EV 85.6 MPH)
|
|
Batting: RHB Dann Bilardello
|
0-0: 2-RUN HOME RUN (Flyball, 78XD, EV 100.0 MPH), Distance : 404 ft
|
|
Pinch Hitting: RHB Mario Ramirez
|
0-0: Ball 1-0: Swinging Strike 1-1: Swinging Strike 1-2: Strikes out swinging
|
| Top of the 9th over - 6 runs, 5 hits, 0 errors, 0 left on base; Dunedin 11 - Lakeland 1 |
| BOTTOM OF THE 9TH |
|
Lakeland Pilots batting - Pitching for Dunedin Blue Jays : RHP Charlie Kerfeld
|
|
Now at 2B: Mario Ramirez
|
|
|
Pinch Hitting: RHB Victor Saenz
|
0-0: Ball 1-0: Ball 2-0: Foul Ball, location: 2F 2-1: Called Strike 2-2: Foul Ball, location: 2F 2-2: Ball 3-2: Foul Ball, location: 2F 3-2: Fly out, F8 (Flyball, 8RS, EV 95.6 MPH)
|
|
Batting: RHB Joseph Scherger
|
0-0: Called Strike 0-1: Fly out, F9 (Flyball, 9D, EV 85.6 MPH)
|
|
Pinch Hitting: RHB Vern Thomas
|
0-0: Swinging Strike 0-1: Fly out, F8 (Flyball, 8LXD, EV 99.4 MPH)
|
| Bottom of the 9th over - 0 runs, 0 hits, 0 errors, 0 left on base; Dunedin 11 - Lakeland 1 |
|